 Dungeon Crawl Stone Soup version 0.31-a0-102-g33a4ccc0cb (webtiles) character file.

Game seed: 13994890859527955732

340 PriceMaster the Magician (level 6, -4/38 HPs)
             Began as an Octopode Transmuter on May 26, 2023.
             Slain by a gnoll
             ... wielding a +0 spear
              (8 damage)
             ... on level 4 of the Dungeon.
             The game lasted 00:06:07 (3491 turns).

PriceMaster the Magician (Octopode Transmuter)      Turns: 3491, Time: 00:06:10

Health: -4/38      AC:  1    Str:  9    XL:     6   Next: 56%
Magic:  8/11       EV: 13    Int: 18    God:
Gold:   166        SH:  5    Dex: 12    Spells: 9/12 levels left

rFire   . . .        b - +4 short sword (chaos)
rCold   . . .        (no shield)
rNeg    . . .        (helmet currently unavailable)
rPois   .            c - amulet of reflection
rElec   .            (no ring)
rCorr   .            (no ring)
SInv    .            (no ring)
Will    .....        (no ring)
Stlth   +++          (no ring)
HPRegen 0.26/turn    (no ring)
MPRegen 0.12/turn    (no ring)
                     (no ring)

%: reflection
@: appendages (expiring), weak-willed, wereblooded
A: tentacle spike 3, almost no armour, amphibious, 8 rings, camouflage 1,
gelatinous body 1, (nimble swimmer 1), tentacles
a: End Transformation


You were on level 4 of the Dungeon.
One of your tentacles had grown a beastly spike.
You visited 1 branch of the dungeon, and saw 4 of its levels.

You collected 166 gold pieces.

Inventory:

Hand Weapons
 b - a +4 short sword of chaos (weapon)
Missiles
 h - a throwing net
Magical Staves
 f - a staff of fire
 j - a staff of conjuration
 l - a staff of poison
 m - a staff of cold
Jewellery
 c - an amulet of reflection (around mantle)
Scrolls
 d - a scroll of noise
 e - a scroll of fog
 k - a scroll of identify
 n - a scroll of immolation {unknown}
Potions
 a - 3 potions of lignification


   Skills:
 + Level 1.3 Fighting
 + Level 2.0 Short Blades
 + Level 3.1 Dodging
 + Level 2.5 Stealth
 + Level 0.3 Shields
 + Level 3.5 Unarmed Combat
 + Level 3.7 Spellcasting
 + Level 3.3 Transmutations


You had 9 spell levels left.
You knew the following spells:

 Your Spells              Type           Power      Damage    Failure   Level
a - Beastly Appendage     Tmut           30%        N/A       3%          1
b - Wereblood             Tmut           15%        N/A       6%          2

Your spell library contained the following spells:

 Spells                   Type           Power      Damage    Failure   Level
 Spider Form              Tmut/Pois      7%         N/A       28%         3
 Ice Form                 Ice/Tmut       7%         N/A       67%         4


Dungeon Overview and Level Annotations

Branches:
Dungeon (4/15)
 Temple: D:4-7

Altars:

Annotations:
D:4 Menkaure


Innate Abilities, Weirdness & Mutations

One of your tentacles has grown a beastly spike.
You cannot wear most types of armour.
You are amphibious.
You can wear up to eight rings at the same time.
Your skin changes colour to match your surroundings (Stealth+).
Your rubbery body absorbs attacks. (AC +1, EV +1)
((You are camouflaged when in or above water. (Stealth+)))
You have tentacles for arms and can constrict up to eight enemies at once.


Message History

There are monsters nearby!
Casting: Wereblood (safe; 6% risk of failure)
Confirm with . or Enter, or press ? or * to list all spells.
You extend your transformation's duration.
The gnoll shouts!
Casting: Beastly Appendage (safe; 3% risk of failure)
Confirm with . or Enter, or press ? or * to list all spells.
Your blood is freshly infused with primal strength!
Okay, then.
Menkaure, Prince of Dust comes into view.
A gnoll comes into view. It is wielding a +0 club.
You block the gnoll's attack.
Menkaure moves out of view.
The gnoll hits you with a +0 spear!
You hit the gnoll. You grab the gnoll.
You pierce the gnoll.
The gnoll is moderately wounded.
You constrict the gnoll.
The gnoll throws a throwing net.
The throwing net hits you.
You become entangled in the net!
The gnoll hits you with a +0 spear.
You struggle against the net.
You constrict the gnoll, but do no damage.
The gnoll hits you with a +0 spear!
You struggle against the net.
You constrict the gnoll. The gnoll hits you with a +0 whip.
The gnoll completely misses you.
You shred the net and break free! You constrict the gnoll.
Menkaure shouts!
The gnoll hits you with a +0 whip.
* * * LOW HITPOINT WARNING * * *
The gnoll misses you.
As you read the scroll labelled QIADAVVURE, it crumbles to dust.
Magic quickly surges around you.
It was a scroll of vulnerability.
You constrict the gnoll. The gnoll hits you with a +0 spear.
* * * LOW HITPOINT WARNING * * *
The air fills with toxic fumes!
As you read the scroll labelled DOUNINW OKIC, it crumbles to dust.
It was a scroll of poison.
Your transformation is almost over.
You constrict the gnoll. The gnoll hits you with a +0 whip.
* * * LOW HITPOINT WARNING * * *
The gnoll hits you with a +0 spear!
You die...

...###....†##.##.......#
...#######§§#.##§§§§§§§####
[.......###§#.##§§§§§§§§...
..........§§§.##§§§§§§§§...
...........§§§##§§§§§§§§...
#...........#§##§§§§§§§§...
#...........+§§§g§§§§§§§...
#.######.§§§#§§§§gg§M#.....
#.# ###§§§§§g@##### .g. #.#
#§§§§§§§# . #<# #§§§§§§§#
### ##§##§### #.##§#
#.##§## #.##..# #.###.# #.#
#.#


You could see Menkaure (weak-willed), 3 gnolls and a hobgoblin (weak-willed).

Vanquished Creatures
  An orc priest (D:3)
  An iguana (D:4)
  2 orc wizards (D:3)
  4 adders
  9 gnolls
  4 worms (D:2)
  2 dart slugs
  7 orcs
  4 ball pythons
  7 endoplasms
  5 giant cockroaches
  4 goblins
  11 hobgoblins
  9 jackals
  A quokka (D:1)
  6 bats
  5 frilled lizards
  8 kobolds
  6 rats
96 creatures vanquished.

Notes
Turn   | Place    | Note
-------+----------+-------------------------------------------
     0 | D:1      | PriceMaster the Octopode Transmuter began the quest for the
                  | Orb.
     0 | D:1      | Reached XP level 1. HP: 13/13 MP: 3/3
    80 | D:1      | Reached XP level 2. HP: 17/18 MP: 3/5
    92 | D:1      | Learned a level 2 spell: Wereblood
   484 | D:1      | Reached XP level 3. HP: 23/23 MP: 2/6
   567 | D:1      | Found a faded altar of an unknown god.
   914 | D:2      | Reached skill level 1 in Short Blades
   932 | D:2      | Reached XP level 4. HP: 28/28 MP: 2/8
  1322 | D:2      | Reached XP level 5. HP: 19/33 MP: 7/9
  1936 | D:3      | Reached skill level 1 in Stealth
  2556 | D:3      | Reached XP level 6. HP: 17/38 MP: 6/11
  3483 | D:4      | Noticed Menkaure
  3491 | D:4      | Slain by a gnoll

Illustrated notes

Levels and vault maps discovered:
D:1:      minmay_arrival_glassed_features, layout_basic,
          dreamdust_ecumenical_altar_angels_and_demons, chequers_big_river
D:2:      minmay_diamond_boxcup, layout_basic, nicolae_kite_square_tiling_tiny
D:3:      layout_basic, hangedman_decor_growths, minmay_box_of_dots
D:4:      layout_basic, serial_shops, nicolae_shop_peninsula, uniq_menkaure

Skill      XL: |  1  2  3  4  5  6 |
---------------+-------------------+-----
Short Blades   | 1 2 |  2.0
Spellcasting   | 3 |  3.7
Dodging        | 3 |  3.1
Stealth        | 2 |  2.5
Transmutations | 3 |  3.3
Fighting       | |  1.3
Shields        | |  0.3
Unarmed Combat | |  3.5

Action                     |  1- 3 |  4- 6 || total
---------------------------+-------+-------++-------
  Melee: Short sword       |    59 |   128 ||   187
         Kick              |    14 |    26 ||    40
         Constrict         |    18 |    26 ||    44
         Tentacles         |     8 |    15 ||    23
         Unarmed           |     1 |       ||     1
         Punch             |       |     1 ||     1
   Cast: Beastly Appendage |    18 |    36 ||    54
         Wereblood         |    12 |    36 ||    48
    Use: Potion            |       |     4 ||     4
         Scroll            |       |     6 ||     6
   Stab: Sleeping          |     4 |     6 ||    10
 Armour: Skin              |       |    30 ||    30
  Dodge: Dodged            |    32 |    53 ||    85
  Block: Other             |     5 |    26 ||    31
         Reflection        |       |     1 ||     1

Table legend: (Time is in decaauts)
 A = Elapsed time spent in this place.
 B = Non-inter-level travel time spent in this place.
 C = Inter-level travel time spent in this place.
 D = Time resting spent in this place.
 E = Time spent auto-exploring this place.
 F = Levels seen in this place.
 G = Mean time per level.
                   A        B        C        D        E       F      G
               +--------+--------+--------+--------+--------+-----+--------+
         Total |   3478 |   3375 |    103 |    207 |   2548 |   4 |  869.5 |
       Dungeon |   3478 |   3375 |    103 |    207 |   2548 |   4 |  869.5 |
               +--------+--------+--------+--------+--------+-----+--------+

Top non-repeatable levels by time:
     D:3: 1425 daAuts
     D:2: 1000 daAuts
     D:1: 882 daAuts
     D:4: 170 daAuts
